 Dungeon Crawl Stone Soup version 0.31-a0-40-g1d5085d191 (webtiles) character file.

Game seed: 15260313993965667907

1486 senseless the Slime Creature (level 8, -3/52 HPs)
             Began as a Demonspawn Fire Elementalist on May 17, 2023.
             Was a Priest of Jiyva.
             Slain by a gargoyle
             ... wielding a +0 mace
              (17 damage)
             ... on level 7 of the Dungeon.
             The game lasted 00:27:57 (6411 turns).

senseless the Slime Creature (DsFE)                 Turns: 6411, Time: 00:27:57

Health: -3/52      AC: 10    Str: 10    XL:     8   Next: 50%
Magic:  18/26      EV: 13    Int: 18    God:    Jiyva [***...]
Gold:   218        SH:  0    Dex: 13    Spells: 8/15 levels left

rFire   . . .        d - +1 dagger (venom)
rCold   . . .        (no shield)
rNeg    . . .        t - +2 robe {Will+}
rPois   .            (no helmet)
rElec   .            (no cloak)
rCorr   +            e - +2 pair of gloves {Stlth+}
SInv    +            (no boots)
Will    +....        (no amulet)
Stlth   ++++         g - ring of see invisible
HPRegen 1.40/turn    l - ring of magical power
MPRegen 0.55/turn

%: no passive effects
@: no status effects
A: thin metallic scales 2, powered by death 2, demonic touch 2, high MP 2,
MP-powered wands, noise suppression
a: Renounce Religion, Oozemancy


You were on level 7 of the Dungeon.
You worshipped Jiyva.
Jiyva was most pleased with you.
You visited 2 branches of the dungeon, and saw 8 of its levels.
You also visited: Sewer.

You collected 218 gold pieces.

Inventory:

Hand Weapons
 d - a +1 dagger of venom (weapon)
 k - a +4 flail of freezing
Armour
 e - a +2 pair of gloves of stealth (worn)
 p - a +0 robe of fire resistance
 t - a +2 robe of willpower (worn)
Jewellery
 g - a ring of see invisible (left hand)
 l - a ring of magical power (right hand)
 m - a ring of willpower
Wands
 s - a wand of polymorph (14)
Scrolls
 n - a scroll of vulnerability
 o - a scroll of enchant weapon
 q - 3 scrolls of enchant armour
 u - a scroll of blinking
Potions
 b - a potion of magic
 c - a potion of mutation {unknown}
 f - 2 potions of resistance
 h - 2 potions of lignification
 i - 2 potions of might
 j - 2 potions of heal wounds
 r - 2 potions of curing


   Skills:
 + Level 0.0 Fighting
 + Level 0.0 Short Blades
 * Level 4.3 Dodging
 - Level 4.6 Stealth
 * Level 4.2 Spellcasting
 + Level 4.2 Conjurations
 * Level 4.8 Fire Magic
 - Level 5.5 Invocations


You had 8 spell levels left.
You knew the following spells:

 Your Spells              Type           Power      Damage    Failure   Level
a - Foxfire               Conj/Fire      80%        2x1d8     2%          1
b - Scorch                Fire           42%        2d7       3%          2
c - Flame Wave            Conj/Fire      20%        2d7       22%         4

Your spell library contained the following spells:

 Spells                   Type           Power      Damage    Failure   Level
 Inner Flame              Hex/Fire       12%        N/A       16%         3
 Volatile Blastmotes      Fire/Tloc      24%        2d12      16%         3
 Hailstorm                Conj/Ice       11%        3d5       19%         3
 Ice Form                 Ice/Tmut       3%         N/A       82%         4
 Simulacrum               Ice/Necr       1%         N/A       100%        6


Dungeon Overview and Level Annotations

Branches:
Dungeon (7/15)             Temple (1/1) D:4           Sewer (visited)

Altars:
Cheibriados
Dithmenos
Gozag
Hepliaklqana
Kikubaaqudgha
Makhleb
Nemelex Xobeh
Okawaru
Qazlal
Ru
Trog
Uskayaw
Wu Jian
Xom
Yredelemnul
Jiyva

Shops:
D:2 :

Annotations:
D:4 3 runed translucent doors, Xtruder99's ghost, amateur OpFi


Innate Abilities, Weirdness & Mutations

You are mostly covered in thin metallic scales. (AC +3)
You regenerate health from kills.
Your touch may inflict irresistible damage on your foes.
You have a considerably increased reservoir of magic. (+20% MP)
You expend magic power (3 MP) to strengthen your wands.
You passively dampen the noise of your surroundings.


Message History

Okay, then.
You climb downwards.
Jiyva alters your body.
You feel your magical essence link to the dungeon's wands.
You feel your surroundings grow quieter.
You feel more energetic. x2
There is a stone staircase leading up here.
Press: ? - help, v - describe, . - travel The floor.
Unknown command.
Casting: Foxfire (safe; 2% risk of failure)
Confirm with . or Enter, or press ? or * to list all spells.
Flames lash the gargoyle but do no damage.
Casting: Scorch (safe; 3% risk of failure)
Confirm with . or Enter, or press ? or * to list all spells.
Flames lash the gargoyle.
The gargoyle is lightly damaged.
The gargoyle's fire resistance burns away.
Casting: Scorch (safe; 3% risk of failure)
Confirm with . or Enter, or press ? or * to list all spells.
Flames lash the gargoyle.
The gargoyle is lightly damaged.
The gargoyle hurls a stone arrow at you.
The stone arrow hits you!!
Ouch! That really hurt!
Casting: Scorch (safe; 3% risk of failure)
Confirm with . or Enter, or press ? or * to list all spells.
Flames lash the gargoyle but do no damage.
The gargoyle hits you with a +0 mace!
* * * LOW HITPOINT WARNING * * *
Casting: Scorch (safe; 3% risk of failure)
Confirm with . or Enter, or press ? or * to list all spells.
You conjure some foxfire!
The gargoyle hits you with a +0 mace.
* * * LOW HITPOINT WARNING * * *
The foxfire hits the gargoyle.
The gargoyle is moderately damaged.
The foxfire hits the gargoyle but does no damage.
The gargoyle is moderately damaged.
The gargoyle hits you with a +0 mace!
You die...

.#. ..# . ##
##..# ..#..
....#
.....###....#
#..........##.#
#............
#....@# ##...9#
#......
#.#....# ..
.....# ##
......#
..##.... #..
#...#


You could see a gargoyle (combustible).

Vanquished Creatures
  Edmund (D:5)
  Menkaure (D:5)
  An ice beast (D:6)
  A black bear (D:5)
  An ogre (D:6)
  A phantom (D:5)
  4 bullfrogs
  A scorpion (D:4)
  3 wights (D:6)
  A howler monkey (D:6)
  2 hounds
  An orc priest (D:6)
  A sleepcap (D:4)
  A gnoll bouda (D:5)
  An orc wizard (D:4)
  6 gnolls
  9 adders
  A river rat (D:5)
  5 worms
  A dart slug (D:2)
  17 orcs
  13 ball pythons
  4 endoplasms
  9 giant cockroaches
  11 goblins
  6 hobgoblins
  A jackal (D:5)
  4 kobolds
  6 quokkas
  5 bats
  11 frilled lizards
  5 rats
135 creatures vanquished.

Vanquished Creatures (others)
  Sigmund (D:6)
  6 jellies
  An orc priest (D:4)
  2 orc wizards (D:5)
  A shadow imp (D:5)
  A white imp (D:6)
  7 orcs
  6 endoplasms (Sewer)
  2 giant cockroaches (Sewer)
  2 jackals (D:5)
  3 quokkas (Sewer)
  5 ball pythons (Sewer)
  6 frilled lizards (Sewer)
  283 foxfires
326 creatures vanquished.

Grand Total: 461 creatures vanquished

Notes
Turn   | Place    | Note
-------+----------+-------------------------------------------
     0 | D:1      | senseless the Demonspawn Fire Elementalist began the quest
                  | for the Orb.
     0 | D:1      | Reached XP level 1. HP: 13/13 MP: 3/3
   525 | D:1      | Gained mutation: Your touch may inflict minor irresistible
                  | damage on your foes. [demonic ancestry]
   525 | D:1      | Reached XP level 2. HP: 19/19 MP: 0/5
  1024 | D:1      | Learned a level 2 spell: Scorch
  1081 | D:1      | Reached skill level 1 in Invocations
  1236 | D:2      | Found a shadowy altar of Dithmenos.
  1240 | D:2      | Gained mutation: You regenerate a little health from kills.
                  | [demonic ancestry]
  1240 | D:2      | Reached XP level 3. HP: 21/24 MP: 1/6
  1950 | D:2      | Gained mutation: You are partially covered in thin metallic
                  | scales. (AC +2) [demonic ancestry]
  1950 | D:2      | Reached XP level 4. HP: 30/30 MP: 3/7
  2005 | D:2      | Found Xeasoaph's Book Shoppe.
  2249 | D:2      | Learned a level 4 spell: Flame Wave
  2349 | D:3      | Reached skill level 2 in Invocations
  2355 | D:3      | Gained mutation: Your touch may inflict irresistible damage
                  | on your foes. [demonic ancestry]
  2355 | D:3      | Reached XP level 5. HP: 35/35 MP: 3/8
  2683 | D:3      | Found an iron altar of Okawaru.
  3064 | D:4      | Found a sacrificial altar of Ru.
  3172 | D:4      | Gained mutation: You are mostly covered in thin metallic
                  | scales. (AC +3) [demonic ancestry]
  3172 | D:4      | Reached XP level 6. HP: 41/41 MP: 10/10
  3297 | D:4      | Reached skill level 3 in Invocations
  3415 | D:4      | Found a staircase to the Ecumenical Temple.
  3483 | Temple   | Entered the Ecumenical Temple
  3621 | Temple   | Became a worshipper of Jiyva Jelabaf the Shapeless
  4141 | D:4      | Noticed Xtruder99's ghost (amateur OpFi)
  4142 | D:4      | Identified the +3 short sword of Responsibility {heavy,
                  | +Blink rC- rN+++ Str-2}
  4143 | D:4      | Found a runed translucent gate.
  4144 | D:4      | Found a runed translucent gate.
  4145 | D:4      | Found a runed translucent gate.
  4147 | D:4      | Identified the +2 plate armour of Cajeskamp {rPois}
  4147 | D:4      | Noticed an orc warrior
  4235 | D:4      | Reached * piety under Jiyva
  4458 | D:5      | Entered Level 5 of the Dungeon
  4625 | D:5      | Found a glowing drain.
  4635 | Sewer    | Entered a sewer
  4642 | Sewer    | Reached XP level 7. HP: 46/46 MP: 11/11
  4845 | Sewer    | Reached skill level 4 in Invocations
  4952 | D:5      | Found a snail-covered altar of Cheibriados.
  5054 | D:5      | Noticed Menkaure
  5057 | D:5      | Killed Menkaure
  5260 | D:5      | Reached ** piety under Jiyva
  5326 | D:5      | Noticed Edmund
  5338 | D:5      | Killed Edmund
  5526 | D:6      | Found a burning altar of Makhleb.
  5534 | D:6      | Gained mutation: You regenerate health from kills. [demonic
                  | ancestry]
  5534 | D:6      | Reached XP level 8. HP: 40/52 MP: 13/13
  5783 | D:6      | Reached skill level 5 in Invocations
  5810 | D:6      | Found an ancient bone altar of Kikubaaqudgha.
  6109 | D:6      | Killed Sigmund
  6343 | D:6      | Reached *** piety under Jiyva
  6369 | D:6      | Found a sparkling altar of Nemelex Xobeh.
  6405 | D:7      | Noticed a gargoyle
  6405 | D:7      | Gained mutation: You expend magic power (3 MP) to
                  | strengthen your wands. [Jiyva's grace]
  6405 | D:7      | Gained mutation: You passively dampen the noise of your
                  | surroundings. [Jiyva's grace]
  6405 | D:7      | Gained mutation: You have an increased reservoir of magic.
                  | (+10% MP) [Jiyva's grace]
  6405 | D:7      | Gained mutation: You have a considerably increased
                  | reservoir of magic. (+20% MP) [Jiyva's grace]
  6411 | D:7      | Slain by a gargoyle

Illustrated notes

Levels and vault maps discovered:
D:1:      co_arrival_two_rings, layout_basic
D:2:      layout_basic, serial_shops, nicolae_diamond_shop, basic_altar
D:3:      layout_basic, mainiacjoe_overflow_alcove_1
D:4:      layout_layer_cave, mainiacjoe_overflow_surrounded_room,
          minmay_temple_entry_crystal_x, biasface_ghost_orc_armoury
D:5:      layout_rooms, slow_altar_1, gup_sewer_entry_bubbles,
          kennysheep_cross_room, uniq_menkaure, uniq_edmund
D:6:      layout_basic, bloody_makhleb, lemuel_round_altar,
          nemelex_spade_bored_becter, kennysheep_mini, uniq_sigmund
D:7:      layout_basic, mainiacjoe_overflow_cross_hatched, uniq_pikel
Temple:   pf_slime_end_temple

Skill      XL: |  1  2  3  4  5  6  7  8 |
---------------+-------------------------+-----
Stealth        | 2 3 4 |  4.6
Dodging        | 2 3 4 |  4.3
Invocations    | 1 2 3 4 5 |  5.5
Fire Magic     | 3 4 |  4.8
Conjurations   | 2 3 4 |  4.2
Spellcasting   | 3 4 |  4.2

Action                     |  1- 3 |  4- 6 |  7- 9 || total
---------------------------+-------+-------+-------++-------
  Melee: Dagger            |    24 |    17 |    37 ||    78
         Touch             |     2 |     2 |     9 ||    13
   Cast: Foxfire           |    47 |    79 |    37 ||   163
         Scorch            |    14 |    29 |    48 ||    91
    Use: Scroll            |       |    13 |     3 ||    16
   Stab: Sleeping          |       |     2 |     1 ||     3
 Armour: Robe              |    12 |     7 |    12 ||    31
  Dodge: Dodged            |    33 |    17 |    29 ||    79

Table legend: (Time is in decaauts)
 A = Elapsed time spent in this place.
 B = Non-inter-level travel time spent in this place.
 C = Inter-level travel time spent in this place.
 D = Time resting spent in this place.
 E = Time spent auto-exploring this place.
 F = Levels seen in this place.
 G = Mean time per level.
                   A        B        C        D        E       F      G
               +--------+--------+--------+--------+--------+-----+--------+
         Total |   6499 |   6132 |    367 |    246 |   4911 |   9 |  722.1 |
       Dungeon |   6036 |   5680 |    356 |    246 |   4618 |   7 |  862.3 |
        Temple |    150 |    139 |     11 |      0 |    107 |   1 |  150.0 |
         Sewer |    312 |    312 |      0 |      0 |    185 |   1 |  312.0 |
               +--------+--------+--------+--------+--------+-----+--------+

Top non-repeatable levels by time:
     D:4: 1346 daAuts
     D:1: 1265 daAuts
     D:2: 983 daAuts
     D:6: 893 daAuts
     D:5: 831 daAuts
     D:3: 710 daAuts
   Sewer: 312 daAuts
  Temple: 150 daAuts
     D:7: 5 daAuts
